 Dungeon Crawl Stone Soup version 0.30-a0-394-g3e4acdb0ae (webtiles) character file.

Game seed: 11071112737262758562

71 qeuew the Conjurer (level 4, -3/27 HPs)
             Began as an Octopode Conjurer on Dec 6, 2022.
             Slain by a gnoll
             ... wielding a +0 spear
              (10 damage)
             ... on level 2 of the Dungeon.
             The game lasted 00:02:51 (1732 turns).

qeuew the Conjurer (Octopode Conjurer)              Turns: 1732, Time: 00:02:51

Health: -3/27      AC:  1    Str:  6    XL:     4   Next: 24%
Magic:  0/8        EV: 13    Int: 20    God:
Gold:   61         SH:  0    Dex: 12    Spells: 5/8 levels left

rFire   . . .      SeeInvis .    h - +4 short sword
rCold   . . .      Faith    .    (no shield)
rNeg    . . .      Spirit   .    (helmet restricted)
rPois   .          Reflect  .    (no amulet)
rElec   .          Harm     .    (no ring)
rCorr   .          Rampage  .    (no ring)
Will    .....                    (no ring)
Stlth   +++.......               (no ring)
HPRegen 0.24/turn                (no ring)
MPRegen 0.11/turn                (no ring)
                                 (no ring)
                                 (no ring)

@: no status effects
A: almost no armour, amphibious, 8 rings, camouflage 1, gelatinous body 1,
(nimble swimmer 1), tentacles, tentacle spike 1
a: no special abilities


You were on level 2 of the Dungeon.
You visited 1 branch of the dungeon, and saw 2 of its levels.

You collected 61 gold pieces.

Inventory:

Hand Weapons
 h - a +4 short sword (weapon)
Scrolls
 f - 2 scrolls of teleportation
 g - 2 scrolls of identify
Potions
 a - a potion of magic
 b - 3 potions of curing {unknown}
 c - a potion of invisibility
 d - a potion of heal wounds {unknown}
 e - a potion of mutation


   Skills:
 + Level 0.6 Short Blades
 + Level 2.5 Dodging
 + Level 3.6 Stealth
 * Level 2.9 Spellcasting
 + Level 4.3 Conjurations


You had 5 spell levels left.
You knew the following spells:

 Your Spells              Type           Power      Damage    Failure   Level
a - Magic Dart            Conj           80%        1d7       2%          1
b - Searing Ray           Conj           40%        2d5       3%          2

Your spell library contained the following spells:

 Spells                   Type           Power      Damage    Failure   Level
 Dazzling Flash           Conj/Hex       22%        N/A       19%         3
 Fulminant Prism          Conj/Hex       5%         3d7       52%         4
 Iskenderun's Mystic Bla  Conj/Tloc      11%        2d4       52%         4


Dungeon Overview and Level Annotations

Branches:
Dungeon (2/15)

Altars:

Annotations:
D:2 Jessica, Sigmund


Innate Abilities, Weirdness & Mutations

You cannot wear most types of armour.
You are amphibious.
You can wear up to eight rings at the same time.
Your skin changes colour to match your surroundings (Stealth+).
Your rubbery body absorbs attacks. (AC +1, EV +1)
((You are camouflaged when in or above water. (Stealth+)))
You have tentacles for arms and can constrict up to eight enemies at once.
One of your tentacles bears a spike.


Message History

Sigmund is severely wounded.
Sigmund casts a spell at you. You resist with some effort.
The magic dart hits Sigmund.
Sigmund is almost dead.
A gnoll comes into view. It is wielding a +0 spear.
Sigmund gestures wildly while chanting.
Sigmund flickers and vanishes!
Deactivating autopickup; reactivate with Ctrl-A.
The magic dart hits the kobold.
The kobold is moderately wounded.
The gnoll shouts!
Jessica shouts, "You're disturbing me!
I'll have to kill you!"
The magic dart hits the kobold.
You kill the kobold!
Something hits you!
The magic dart hits Jessica.
Jessica is moderately wounded.
Jessica mumbles some strange words.
Jessica blinks!
You are out of magic!
A quokka comes into view.
Something completely misses you.
You barely miss something. Your squeeze misses something. Something hits you!
The gnoll barely misses you. Jessica casts a spell at you.
Something writhes in agony.
You miss something. The gnoll closely misses you.
You closely miss something.
Your tentacle spike misses something.
You hear some strange, mumbled words.
Something tries to affect you, but you resist.
The gnoll hits you from afar with a +0 spear.
* * * LOW HITPOINT WARNING * * *
Aiming: Magic Dart (safe; 2% risk of failure)
Press: ? - help, Q - select action, (/) - cycle Shift-Dir - straight line, f/p - Jessica
Aim: Jessica, wielding a +0 dagger and wearing a +0 robe (moderately wounded, 100% to hit)
The magic dart hits something.
Something barely misses you.
The gnoll hits you from afar with a +0 spear!
You die...

####..................#
# ###.
.............#..###
.... #..#..............
..... #................
..... ###....###..##...
...... ###....#
#..##...
......##......#
#..##...
#.....>#...#####.....
#...@............###.
#...@{....#....##..# #.
......rg...##......##
## ###.......######..#
# .........# #### #
..........# #
.#........# #
.........# # #


You could see a gnoll, Jessica and a quokka.

Vanquished Creatures
  2 gnolls (D:2)
  An adder (D:2)
  3 dart slugs (D:1)
  3 ball pythons (D:1)
  3 endoplasms
  2 giant cockroaches (D:1)
  2 hobgoblins (D:1)
  2 jackals (D:1)
  5 kobolds
  5 bats
  2 frilled lizards (D:1)
  2 goblins (D:1)
  2 rats (D:1)
34 creatures vanquished.

Notes
Turn   | Place    | Note
-------+----------+-------------------------------------------
     0 | D:1      | qeuew the Octopode Conjurer began the quest for the Orb.
     0 | D:1      | Reached XP level 1. HP: 11/11 MP: 3/3
   184 | D:1      | Reached XP level 2. HP: 17/17 MP: 1/5
   763 | D:1      | Reached XP level 3. HP: 21/21 MP: 3/6
  1393 | D:1      | Gained mutation: One of your tentacles bears a spike.
                  | [potion of mutation]
  1402 | D:1      | Learned a level 2 spell: Searing Ray
  1486 | D:2      | Reached XP level 4. HP: 10/27 MP: 1/8
  1719 | D:2      | Noticed Sigmund
  1722 | D:2      | Noticed Jessica
  1732 | D:2      | Slain by a gnoll

Illustrated notes

Levels and vault maps discovered:
D:1:      dpeg_arrival_boxes_within_box, layout_basic, minmay_misc_feat_pillars
D:2:      layout_rooms, basic_altar, uniq_sigmund, uniq_jessica

Skill      XL: |  1  2 |
---------------+-------+-----
Stealth        | 3 |  3.6
Short Blades   | |  0.6
Dodging        | |  2.5
Spellcasting   | |  2.9
Conjurations   | |  4.3

Action                   |  1- 3 |  4- 6 || total
-------------------------+-------+-------++-------
Melee: Short sword       |     5 |     9 ||    14
       Kick              |     2 |     1 ||     3
       Constrict         |     1 |     2 ||     3
       Tentacles         |     1 |       ||     1
 Cast: Magic Dart        |    51 |    13 ||    64
  Use: Scroll            |     3 |       ||     3
       Potion            |     3 |       ||     3
Armor: Skin              |       |     1 ||     1
Dodge: Dodged            |     1 |    10 ||    11

Table legend: (Time is in decaauts)
 A = Elapsed time spent in this place.
 B = Non-inter-level travel time spent in this place.
 C = Inter-level travel time spent in this place.
 D = Time resting spent in this place.
 E = Time spent auto-exploring this place.
 F = Levels seen in this place.
 G = Mean time per level.
                   A        B        C        D        E       F      G
               +--------+--------+--------+--------+--------+-----+--------+
         Total |   1730 |   1658 |     72 |      0 |   1515 |   2 |  865.0 |
       Dungeon |   1730 |   1658 |     72 |      0 |   1515 |   2 |  865.0 |
               +--------+--------+--------+--------+--------+-----+--------+

Top non-repeatable levels by time:
     D:1: 1418 daAuts
     D:2: 312 daAuts
